Blackhawks vs Maple Leafs

Created - 12 février 2017 at 20:13

Goals
1 2 3 T
Blackhawks 0 2 0 2
Maple Leafs 3 0 1 4
Shots
1 2 3 T
Blackhawks 12 10 6 28
Maple Leafs 10 14 11 35

1st period

1. Maple Leafs , Jordan Staal 19 (Claude Giroux) at 9:56
2. Maple Leafs , Fabian Brunnstrom 11 (Rob Schremp, Michael Grabner) at 11:17
3. Maple Leafs , Claude Giroux 33 (Tobias Enstrom, Braydon Coburn) at 18:47

Penalties :
Colby Armstrong (Tor) for Holding (Minor) at 1:11, Joni Pitkanen (Chi) for Hooking (Minor) at 18:27, Jordan Staal (Tor) for Hooking (Minor) at 18:36

2nd period

4. Blackhawks , Derick Brassard 28 (Patrick Kane) at 7:36
5. Blackhawks , Joni Pitkanen 2 (Ian White) at 13:39

Penalties :
Tobias Enstrom (Tor) for Hooking (Minor) at 7:59

3rd period

6. Maple Leafs , Fabian Brunnstrom 12 (Tobias Enstrom, Claude Giroux) at 3:58 (PP)

Penalties :
Peter Regin (Chi) for Interference (Minor) at 2:15, Joni Pitkanen (Chi) for Holding (Minor) at 13:07, Derick Brassard (Chi) for Hooking (Minor) at 15:37

Goalie Stats

Jimmy Howard (Chi), 31 saves from 35 shots - (0,886), L, 24-11-1, 60:00 minutes
Marc-André Fleury (Tor), 26 saves from 28 shots - (0,929), W, 24-10-6, 60:00 minutes

Players Stats for Blackhawks

Player Name              G  A  P  +/- PIM S  H  SB GA TA FO     MP     PP MP  PK MP  
------------------------------------------------------------------------------------
Antoine Roussel          0  0  0   0  0   3  1  0  2  0  1/3    21:15   2:09   0:56 
Brendan Bell             0  0  0   0  0   1  3  2  0  0  0/0    14:30   0:00   2:16 
Carson Mcmillan          0  0  0  -1  0   0  0  1  0  0  0/0     7:12   0:00   0:00 
Dave Tanabe              0  0  0   0  0   0  1  1  0  0  0/0    13:24   1:32   0:14 
Denis Grebeshkov         0  0  0  -1  0   0  0  2  0  0  0/0    22:50   1:33   3:26 
Derick Brassard          1  0  1   0  2   3  0  1  0  0  20/35  20:29   2:17   0:00 
Ian White                0  1  1  -1  0   1  2  1  0  1  0/0    24:34   2:35   0:00 
Jason Pominville         0  0  0   0  0   4  1  0  0  0  1/1    14:30   2:08   0:00 
Jonathan Toews           0  0  0   0  0   1  2  0  0  0  2/9    17:11   1:50   2:09 
Joni Pitkanen            1  0  1   0  4   2  2  3  0  2  0/0    24:59   2:35   1:55 
Kurt Sauer               0  0  0   0  0   0  0  3  0  0  0/0    19:49   0:00   3:49 
Kyle Brodziak            0  0  0  -1  0   0  0  0  0  0  3/3     7:53   0:00   0:41 
Oleg Saprykin            0  0  0  -1  0   1  0  1  0  0  0/0    10:57   0:00   3:45 
Patrick Kaleta           0  0  0   0  0   2  2  1  0  0  1/3    12:51   0:00   1:26 
Patrick Kane             0  1  1   1  0   5  1  0  1  0  0/0    19:23   1:50   0:00 
Peter Regin              0  0  0   0  2   3  3  1  0  0  4/7    13:04   0:08   1:37 
Ryan Hollweg             0  0  0   0  0   0  0  0  0  0  0/0    15:54   1:50   1:06 
Tomas Fleischmann        0  0  0   0  0   2  0  0  0  0  0/0    11:31   0:08   0:00 

Players Stats for Maple Leafs

Player Name              G  A  P  +/- PIM S  H  SB GA TA FO     MP     PP MP  PK MP  
------------------------------------------------------------------------------------
Alexander Frolov         0  0  0   0  0   0  1  0  0  1  2/3    22:12   3:37   1:39 
Blake Comeau             0  0  0   0  0   2  0  0  0  1  0/0    11:29   0:00   0:52 
Braydon Coburn           0  1  1   0  0   2  0  1  0  0  0/0    25:23   3:53   2:30 
Claude Giroux            1  2  3   1  0   4  2  1  1  0  2/2    23:50   3:37   2:04 
Colby Armstrong          0  0  0   0  2   0  0  1  0  0  0/0    11:08   2:13   0:00 
Eric Nystrom             0  0  0   0  0   3  0  1  0  0  0/0    10:34   0:00   0:28 
Fabian Brunnstrom        2  0  2   0  0   4  0  0  0  0  0/0    14:39   2:13   0:00 
Jamie McBain             0  0  0   0  0   2  0  0  0  0  0/0    17:36   0:00   0:05 
Jordan Staal             1  0  1   0  2   5  2  1  1  0  15/32  22:38   3:36   1:55 
Justin Abdelkader        0  0  0   0  0   2  1  0  0  1  0/0     9:11   0:00   0:00 
Justin Schultz           0  0  0   1  0   0  0  1  0  0  0/0    13:26   0:00   1:05 
Marc-Édouard Vlasic      0  0  0   0  0   0  2  2  0  0  0/0    21:32   1:57   1:32 
Michael Grabner          0  1  1   1  0   0  2  0  0  0  1/2    13:56   0:00   0:00 
Rob Schremp              0  1  1   0  0   4  2  0  1  0  6/12   16:07   2:13   1:16 
Ryan Carter              0  0  0   0  0   0  0  1  0  0  2/5     9:17   0:00   0:00 
Taylor Chorney           0  0  0   1  0   1  0  1  0  0  0/0    17:13   1:57   1:44 
Tobias Enstrom           0  2  2   0  2   2  0  1  0  0  0/0    24:55   3:53   1:18 
Zac Dalpe                0  0  0   0  0   4  4  0  0  0  1/5     8:54   0:00   0:00 

3 Stars

1 - Claude Giroux (Tor)
2 - Fabian Brunnstrom (Tor)
3 - Michael Grabner (Tor)

Power Play

Blackhawks - 0 on 3 Attempt(s) - 0,00%
Maple Leafs - 1 on 4 Attempt(s) - 25,00%

Penalty Kill

Blackhawks - 3 on 4 Attempt(s) - 75,00% - Score 0 goal in Penalty Kill
Maple Leafs - 3 on 3 Attempt(s) - 100,00% - Score 0 goal in Penalty Kill

Team Stat

Blackhawks - Hits : 18 - Faceoff Wins : 32 - Blocked Shots : 17 - Penalty Minutes : 8
Maple Leafs - Hits : 16 - Faceoff Wins : 29 - Blocked Shots : 11 - Penalty Minutes : 6

Official

Referees : L'Ecuyer Frederick and O'Rourke Dan
Linesman : Darren Gibbs and Thor Nelson

Game Notes

No Game Note

Finance

Level 1 -- Attendance: 5807 (96,78%) -- Ticket Income 493 595 $
Level 2 -- Attendance: 4770 (95,40%) -- Ticket Income 238 500 $
Level 3 -- Attendance: 1864 (93,20%) -- Ticket Income 57 784 $
Level 4 -- Attendance: 3908 (97,70%) -- Ticket Income 78 160 $
Luxury Box -- Attendance: 754 (75,40%) -- Ticket Income 124 410 $
Game was played at the Maple Leafs Garden.
Total Attendance: 17103 (95,02%)
Total Ticket Income: 992 449 $
Other Income: 148 867 $
Total Income: 1 141 316 $

Blackhawks

5 vs 5 Forward 
   Center                   Left Wing                Right Wing               Time % Phy DF OF 
 1 Derick Brassard          Antoine Roussel          Patrick Kane             40     1   2  2  
 2 Jonathan Toews           Ryan Hollweg             Jason Pominville         30     1   2  2  
 3 Peter Regin              Tomas Fleischmann        Patrick Kaleta           20     1   2  2  
 4 Kyle Brodziak            Oleg Saprykin            Carson Mcmillan          10     1   2  2  

5 vs 5 Defense 
   Defense                  Defense                                           Time % Phy DF OF 
 1 Ian White                Joni Pitkanen                                     40     1   2  2  
 2 Kurt Sauer               Denis Grebeshkov                                  30     1   2  2  
 3 Dave Tanabe              Brendan Bell                                      20     1   2  2  
 4 Ian White                Joni Pitkanen                                     10     1   2  2  

PowerPlay Forward 
   Center                   Left Wing                Right Wing               Time % Phy DF OF 
 1 Derick Brassard          Antoine Roussel          Jason Pominville         60     1   2  2  
 2 Jonathan Toews           Ryan Hollweg             Patrick Kane             40     1   2  2  

PowerPlay Defense
   Defense                  Defense                                           Time % Phy DF OF 
 1 Ian White                Joni Pitkanen                                     60     1   2  2  
 2 Dave Tanabe              Denis Grebeshkov                                  40     1   2  2  

Penalty Kill 4 Players Forward 
   Center                   Wing                     Time % Phy DF OF 
 1 Peter Regin              Oleg Saprykin            60     1   2  2  
 2 Jonathan Toews           Antoine Roussel          40     1   2  2  

Penalty Kill 4 Players Defense
   Defense                  Defense                  Time % Phy DF OF 
 1 Kurt Sauer               Joni Pitkanen            60     1   2  2  
 2 Brendan Bell             Denis Grebeshkov         40     1   2  2  

Penalty Kill - 3 Players Forward 
   Forward                                           Time % Phy DF OF 
 1 Peter Regin                                       60     1   2  2  
 2 Jonathan Toews                                    40     1   2  2  

Penalty Kill - 3 Players Defense
   Defense                  Defense                  Time % Phy DF OF 
 1 Kurt Sauer               Joni Pitkanen            60     1   2  2  
 2 Brendan Bell             Denis Grebeshkov         40     1   2  2  

4 vs 4 Forward 
   Center                   Wing                     Time % Phy DF OF 
 1 Derick Brassard          Antoine Roussel          60     1   2  2  
 2 Jonathan Toews           Patrick Kane             40     1   2  2  

4 vs 4 Defense
   Defense                  Defense                  Time % Phy DF OF 
 1 Ian White                Joni Pitkanen            60     1   2  2  
 2 Kurt Sauer               Denis Grebeshkov         40     1   2  2  

Last Minutes Offensive
   Center                   Left Wing                Right Wing               Defense                  Defense                  
   Derick Brassard          Antoine Roussel          Patrick Kane             Ian White                Joni Pitkanen            

Last Minutes Defensive
   Center                   Left Wing                Right Wing               Defense                  Defense                  
   Jonathan Toews           Antoine Roussel          Patrick Kane             Ian White                Joni Pitkanen            

Goaltenders
Starting : Jimmy Howard             
Backup : Al Montoya               

Extra Forwards
Normal : Tomas Fleischmann, Peter Regin, Patrick Kaleta - PP : Tomas Fleischmann, Peter Regin - PK : Patrick Kaleta
Extra Defensemen
Normal : Joni Pitkanen, Denis Grebeshkov, Kurt Sauer - PP : Joni Pitkanen - PK : Denis Grebeshkov, Kurt Sauer
Penalty Shots
Patrick Kane, Derick Brassard, Jonathan Toews, Jason Pominville, Antoine Roussel

Maple Leafs

5 vs 5 Forward 
   Center                   Left Wing                Right Wing               Time % Phy DF OF 
 1 Jordan Staal             Alexander Frolov         Claude Giroux            40     1   2  2  
 2 Rob Schremp              Fabian Brunnstrom        Michael Grabner          30     1   2  2  
 3 Zac Dalpe                Eric Nystrom             Colby Armstrong          20     1   2  2  
 4 Ryan Carter              Justin Abdelkader        Blake Comeau             10     1   2  2  

5 vs 5 Defense 
   Defense                  Defense                                           Time % Phy DF OF 
 1 Tobias Enstrom           Braydon Coburn                                    40     1   2  2  
 2 Jamie McBain             Marc-Édouard Vlasic                               30     1   2  2  
 3 Taylor Chorney           Justin Schultz                                    20     1   2  2  
 4 Tobias Enstrom           Braydon Coburn                                    10     1   2  2  

PowerPlay Forward 
   Center                   Left Wing                Right Wing               Time % Phy DF OF 
 1 Jordan Staal             Alexander Frolov         Claude Giroux            60     1   2  2  
 2 Rob Schremp              Fabian Brunnstrom        Colby Armstrong          40     1   2  2  

PowerPlay Defense
   Defense                  Defense                                           Time % Phy DF OF 
 1 Tobias Enstrom           Braydon Coburn                                    60     1   2  2  
 2 Taylor Chorney           Marc-Édouard Vlasic                               40     1   2  2  

Penalty Kill 4 Players Forward 
   Center                   Wing                     Time % Phy DF OF 
 1 Jordan Staal             Claude Giroux            60     1   2  2  
 2 Rob Schremp              Alexander Frolov         40     1   2  2  

Penalty Kill 4 Players Defense
   Defense                  Defense                  Time % Phy DF OF 
 1 Tobias Enstrom           Braydon Coburn           60     1   2  2  
 2 Taylor Chorney           Marc-Édouard Vlasic      40     1   2  2  

Penalty Kill - 3 Players Forward 
   Forward                                           Time % Phy DF OF 
 1 Jordan Staal                                      60     1   2  2  
 2 Claude Giroux                                     40     1   2  2  

Penalty Kill - 3 Players Defense
   Defense                  Defense                  Time % Phy DF OF 
 1 Tobias Enstrom           Braydon Coburn           60     1   2  2  
 2 Taylor Chorney           Marc-Édouard Vlasic      40     1   2  2  

4 vs 4 Forward 
   Center                   Wing                     Time % Phy DF OF 
 1 Jordan Staal             Claude Giroux            60     1   2  2  
 2 Rob Schremp              Alexander Frolov         40     1   2  2  

4 vs 4 Defense
   Defense                  Defense                  Time % Phy DF OF 
 1 Tobias Enstrom           Braydon Coburn           60     1   2  2  
 2 Taylor Chorney           Marc-Édouard Vlasic      40     1   2  2  

Last Minutes Offensive
   Center                   Left Wing                Right Wing               Defense                  Defense                  
   Jordan Staal             Alexander Frolov         Claude Giroux            Tobias Enstrom           Braydon Coburn           

Last Minutes Defensive
   Center                   Left Wing                Right Wing               Defense                  Defense                  
   Jordan Staal             Alexander Frolov         Claude Giroux            Tobias Enstrom           Braydon Coburn           

Goaltenders
Starting : Marc-André Fleury        
Backup : Alex Stalock             

Extra Forwards
Normal : Michael Grabner, Eric Nystrom, Blake Comeau - PP : Michael Grabner, Eric Nystrom - PK : Blake Comeau
Extra Defensemen
Normal : Jamie McBain, Justin Schultz, Taylor Chorney - PP : Jamie McBain - PK : Justin Schultz, Taylor Chorney
Penalty Shots
Claude Giroux, Michael Grabner, Alexander Frolov, Jordan Staal, Fabian Brunnstrom

% Time on Ice - Blackhawks

Lines # - Real PCT - Wanted PCT - Time Play
Normal Forward
1 - 35% - 40% - 16:52
2 - 27% - 30% - 12:51
3 - 23% - 20% - 11:18
4 - 15% - 10% - 7:12
Normal Defense
1 - 39% - 40% - 18:57
2 - 35% - 30% - 16:47
3 - 23% - 20% - 10:55
4 - 3% - 10% - 1:34
PP Forward
1 - 55% - 60% - 2:17
2 - 45% - 40% - 1:50
PP Defense
1 - 63% - 60% - 2:35
2 - 37% - 40% - 1:32
PK Forward
1 - 84% - 60% - 4:54
2 - 16% - 40% - 0:56
PK Defense
1 - 69% - 60% - 4:03
2 - 31% - 40% - 1:47
PK3 Forward
1 - 0% - 60%
2 - 0% - 40%
PK3 Defense
1 - 0% - 60%
2 - 0% - 40%
44 Forward
1 - 81% - 60% - 1:29
2 - 19% - 40% - 0:21
44 Defense
1 - 100% - 60% - 1:50
2 - 0% - 40% - 0:00
Last Minute Offensive  - 0:00
Last Minute Defensive  - 0:00
Total
Forward - 60:00
Defense - 60:00

% Time on Ice - Maple Leafs

Lines # - Real PCT - Wanted PCT - Time Play
Normal Forward
1 - 35% - 40% - 16:53
2 - 27% - 30% - 13:15
3 - 18% - 20% - 8:54
4 - 19% - 10% - 9:11
Normal Defense
1 - 35% - 40% - 16:56
2 - 36% - 30% - 17:20
3 - 26% - 20% - 12:19
4 - 3% - 10% - 1:38
PP Forward
1 - 62% - 60% - 3:37
2 - 38% - 40% - 2:13
PP Defense
1 - 67% - 60% - 3:53
2 - 33% - 40% - 1:57
PK Forward
1 - 74% - 60% - 3:03
2 - 26% - 40% - 1:04
PK Defense
1 - 66% - 60% - 2:42
2 - 34% - 40% - 1:25
PK3 Forward
1 - 0% - 60%
2 - 0% - 40%
PK3 Defense
1 - 0% - 60%
2 - 0% - 40%
44 Forward
1 - 100% - 60% - 1:50
2 - 0% - 40% - 0:00
44 Defense
1 - 65% - 60% - 1:11
2 - 35% - 40% - 0:39
Last Minute Offensive  - 0:00
Last Minute Defensive  - 0:00
Total
Forward - 60:00
Defense - 60:00

Play by Play

1st period


0:01 of 1st period - Derick Brassard wins face-off versus Jordan Staal in neutral zone.
0:04 of 1st period - Snap shot by Antoine Roussel.
0:04 of 1st period - Stopped by Marc-André Fleury without a rebound.
0:05 of 1st period - Jordan Staal wins face-off versus Derick Brassard in Maple Leafs zone.
0:05 of 1st period - Jordan Staal is hit by Antoine Roussel.
0:17 of 1st period - Snap shot by Derick Brassard.
0:17 of 1st period - Shot Misses the Net.
0:19 of 1st period - Slapshot by Ian White.
0:19 of 1st period - Stopped by Marc-André Fleury with a rebound.
0:51 of 1st period - Braydon Coburn is hit by Joni Pitkanen and loses puck.
1:00 of 1st period - Snap shot by Jason Pominville.
1:00 of 1st period - Shot Misses the Net.
1:02 of 1st period - Slapshot by Ian White.
1:02 of 1st period - Deflect By Jonathan Toews.
1:02 of 1st period - Shot Misses the Net.
1:02 of 1st period - Puck is out of play.
1:03 of 1st period - Peter Regin wins face-off versus Zac Dalpe in Maple Leafs zone.
1:11 of 1st period - Minor Penalty to Colby Armstrong for Holding.
1:12 of 1st period - Antoine Roussel wins face-off versus Jordan Staal in Maple Leafs zone.
1:38 of 1st period - Patrick Kane is hit by Rob Schremp and loses puck.
2:39 of 1st period - Blake Comeau is hit by Jonathan Toews and loses puck.
3:11 of 1st period - Penalty to Colby Armstrong is over, Colby Armstrong is back on ice.
3:22 of 1st period - Carson Mcmillan is hit by Zac Dalpe and loses puck.
3:45 of 1st period - Taylor Chorney is hit by Brendan Bell and loses puck.
4:18 of 1st period - Wrist shot by Fabian Brunnstrom.
4:18 of 1st period - Stopped by Jimmy Howard with a rebound.
4:39 of 1st period - Icing by Ian White.
4:40 of 1st period - Peter Regin wins face-off versus Jordan Staal in Blackhawks zone.
5:13 of 1st period - Wrist shot by Derick Brassard.
5:13 of 1st period - Stopped by Marc-André Fleury without a rebound.
5:14 of 1st period - Derick Brassard wins face-off versus Jordan Staal in Maple Leafs zone.
5:17 of 1st period - Snap shot by Patrick Kane.
5:17 of 1st period - Stopped by Marc-André Fleury with a rebound.
5:39 of 1st period - Colby Armstrong is hit by Jason Pominville.
5:45 of 1st period - Snap shot by Zac Dalpe.
5:45 of 1st period - Deflect By Ryan Hollweg.
5:45 of 1st period - Stopped by Jimmy Howard with a rebound.
5:47 of 1st period - Wrist shot by Zac Dalpe.
5:47 of 1st period - Stopped by Jimmy Howard with a rebound.
6:13 of 1st period - Rob Schremp is hit by Patrick Kaleta and loses puck.
6:50 of 1st period - Marc-Édouard Vlasic is hit by Brendan Bell and loses puck.
7:03 of 1st period - Ian White is hit by Zac Dalpe and loses puck.
7:22 of 1st period - Wrist shot by Patrick Kane.
7:22 of 1st period - Deflect By Rob Schremp.
7:22 of 1st period - Shot Blocked by Justin Schultz.
7:22 of 1st period - Puck is out of play.
7:23 of 1st period - Derick Brassard wins face-off versus Rob Schremp in Maple Leafs zone.
7:38 of 1st period - Kurt Sauer is hit by Rob Schremp.
7:50 of 1st period - Jordan Staal is hit by Jonathan Toews and loses puck.
7:59 of 1st period - Wrist shot by Jason Pominville.
7:59 of 1st period - Stopped by Marc-André Fleury without a rebound.
8:00 of 1st period - Derick Brassard wins face-off versus Zac Dalpe in Maple Leafs zone.
8:34 of 1st period - Off-side.
8:35 of 1st period - Alexander Frolov wins face-off versus Jonathan Toews in neutral zone.
8:47 of 1st period - Snap shot by Jason Pominville.
8:47 of 1st period - Shot Misses the Net.
9:09 of 1st period - Snap shot by Jordan Staal.
9:09 of 1st period - Shot Misses the Net.
9:56 of 1st period - Backhand shot by Jordan Staal.
9:56 of 1st period - Goal by Jordan Staal - Blackhawks : 0 - Maple Leafs : 1.
9:57 of 1st period - Derick Brassard wins face-off versus Rob Schremp in neutral zone.
11:17 of 1st period - Wrist shot by Fabian Brunnstrom.
11:17 of 1st period - Goal by Fabian Brunnstrom - Blackhawks : 0 - Maple Leafs : 2.
11:18 of 1st period - Jordan Staal wins face-off versus Derick Brassard in neutral zone.
11:23 of 1st period - Wrist shot by Tobias Enstrom.
11:23 of 1st period - Shot Misses the Net.
11:25 of 1st period - Wrist shot by Braydon Coburn.
11:25 of 1st period - Shot Misses the Net.
11:27 of 1st period - Slapshot by Braydon Coburn.
11:27 of 1st period - Shot Misses the Net.
11:29 of 1st period - Wrist shot by Jordan Staal.
11:29 of 1st period - Shot Misses the Net.
11:31 of 1st period - Slapshot by Tobias Enstrom.
11:31 of 1st period - Deflect By Jordan Staal.
11:31 of 1st period - Stopped by Jimmy Howard without a rebound.
11:32 of 1st period - Jordan Staal wins face-off versus Antoine Roussel in Blackhawks zone.
12:13 of 1st period - Snap shot by Jamie McBain.
12:13 of 1st period - Shot Misses the Net.
12:15 of 1st period - Slapshot by Jamie McBain.
12:15 of 1st period - Shot Blocked by Patrick Kaleta.
12:45 of 1st period - Slapshot by Jamie McBain.
12:45 of 1st period - Stopped by Jimmy Howard with a rebound.
12:47 of 1st period - Slapshot by Jamie McBain.
12:47 of 1st period - Shot Blocked by Brendan Bell.
12:49 of 1st period - Wrist shot by Rob Schremp.
12:49 of 1st period - Stopped by Jimmy Howard without a rebound.
12:50 of 1st period - Derick Brassard wins face-off versus Rob Schremp in Blackhawks zone.
13:03 of 1st period - Wrist shot by Derick Brassard.
13:03 of 1st period - Stopped by Marc-André Fleury without a rebound.
13:04 of 1st period - Jordan Staal wins face-off versus Derick Brassard in Maple Leafs zone.
13:21 of 1st period - Snap shot by Claude Giroux.
13:21 of 1st period - Shot Blocked by Kurt Sauer.
13:31 of 1st period - Eric Nystrom is hit by Peter Regin and loses puck.
13:40 of 1st period - Wrist shot by Tomas Fleischmann.
13:40 of 1st period - Deflect By Peter Regin.
13:40 of 1st period - Stopped by Marc-André Fleury without a rebound.
13:41 of 1st period - Jason Pominville wins face-off versus Jordan Staal in Maple Leafs zone.
13:52 of 1st period - Snap shot by Jason Pominville.
13:52 of 1st period - Shot Misses the Net.
13:54 of 1st period - Snap shot by Jonathan Toews.
13:54 of 1st period - Shot Blocked by Claude Giroux.
13:56 of 1st period - Wrist shot by Brendan Bell.
13:56 of 1st period - Deflect By Jason Pominville.
13:56 of 1st period - Shot Misses the Net.
13:56 of 1st period - Puck is out of play.
13:57 of 1st period - Derick Brassard wins face-off versus Zac Dalpe in Maple Leafs zone.
14:06 of 1st period - Wrist shot by Patrick Kane.
14:06 of 1st period - Stopped by Marc-André Fleury with a rebound.
14:08 of 1st period - Wrist shot by Antoine Roussel.
14:08 of 1st period - Shot Misses the Net.
14:10 of 1st period - Snap shot by Patrick Kane.
14:10 of 1st period - Stopped by Marc-André Fleury with a rebound.
14:12 of 1st period - Slapshot by Ian White.
14:12 of 1st period - Shot Hit the Post.
14:14 of 1st period - Wrist shot by Antoine Roussel.
14:14 of 1st period - Stopped by Marc-André Fleury with a rebound.
15:14 of 1st period - Wrist shot by Jason Pominville.
15:14 of 1st period - Stopped by Marc-André Fleury with a rebound.
15:16 of 1st period - Snap shot by Jason Pominville.
15:16 of 1st period - Shot Blocked by Marc-Édouard Vlasic.
15:20 of 1st period - Wrist shot by Jason Pominville.
15:20 of 1st period - Stopped by Marc-André Fleury with a rebound.
15:52 of 1st period - Slapshot by Jamie McBain.
15:52 of 1st period - Shot Blocked by Joni Pitkanen.
16:04 of 1st period - Alexander Frolov is hit by Ian White and loses puck.
16:45 of 1st period - Wrist shot by Justin Abdelkader.
16:45 of 1st period - Shot Misses the Net.
16:57 of 1st period - Antoine Roussel is hit by Marc-Édouard Vlasic and loses puck.
18:06 of 1st period - Snap shot by Blake Comeau.
18:06 of 1st period - Stopped by Jimmy Howard without a rebound.
18:07 of 1st period - Ryan Carter wins face-off versus Derick Brassard in Blackhawks zone.
18:27 of 1st period - Minor Penalty to Joni Pitkanen for Hooking.
18:28 of 1st period - Peter Regin wins face-off versus Jordan Staal in Blackhawks zone.
18:36 of 1st period - Minor Penalty to Jordan Staal for Hooking.
18:37 of 1st period - Claude Giroux wins face-off versus Derick Brassard in Maple Leafs zone.
18:47 of 1st period - Slapshot by Claude Giroux.
18:47 of 1st period - Goal by Claude Giroux - Blackhawks : 0 - Maple Leafs : 3.
18:48 of 1st period - Derick Brassard wins face-off versus Michael Grabner in neutral zone.
18:51 of 1st period - Slapshot by Denis Grebeshkov.
18:51 of 1st period - Shot Misses the Net.
19:57 of 1st period - Brendan Bell is hit by Alexander Frolov and loses puck.
Goals for this period are 0 for Blackhawks vs 3 for Maple Leafs.
Shots for this period are 12 for Blackhawks vs 10 for Maple Leafs.

2nd period


0:01 of 2nd period - Michael Grabner wins face-off versus Derick Brassard in neutral zone.
0:12 of 2nd period - Snap shot by Claude Giroux.
0:12 of 2nd period - Stopped by Jimmy Howard with a rebound.
0:27 of 2nd period - Penalty to Joni Pitkanen is over, Joni Pitkanen is back on ice.
0:36 of 2nd period - Penalty to Jordan Staal is over, Jordan Staal is back on ice.
0:44 of 2nd period - Claude Giroux is hit by Patrick Kane.
0:58 of 2nd period - Snap shot by Patrick Kaleta.
0:58 of 2nd period - Stopped by Marc-André Fleury with a rebound.
1:25 of 2nd period - Denis Grebeshkov is hit by Michael Grabner and loses puck.
1:35 of 2nd period - Icing by Michael Grabner.
1:36 of 2nd period - Ryan Carter wins face-off versus Derick Brassard in Maple Leafs zone.
1:41 of 2nd period - Slapshot by Jamie McBain.
1:41 of 2nd period - Shot Blocked by Derick Brassard.
1:43 of 2nd period - Slapshot by Jamie McBain.
1:43 of 2nd period - Deflect By Blake Comeau.
1:43 of 2nd period - Shot Misses the Net.
1:43 of 2nd period - Puck is out of play.
1:44 of 2nd period - Derick Brassard wins face-off versus Jordan Staal in Blackhawks zone.
1:44 of 2nd period - Derick Brassard is hit by Jordan Staal.
2:34 of 2nd period - Snap shot by Braydon Coburn.
2:34 of 2nd period - Shot Blocked by Kurt Sauer.
2:36 of 2nd period - Snap shot by Tobias Enstrom.
2:36 of 2nd period - Shot Blocked by Peter Regin.
2:38 of 2nd period - Backhand shot by Tobias Enstrom.
2:38 of 2nd period - Shot Misses the Net.
3:03 of 2nd period - Slapshot by Peter Regin.
3:03 of 2nd period - Stopped by Marc-André Fleury with a rebound.
3:34 of 2nd period - Slapshot by Eric Nystrom.
3:34 of 2nd period - Stopped by Jimmy Howard without a rebound.
3:35 of 2nd period - Jordan Staal wins face-off versus Derick Brassard in Blackhawks zone.
3:46 of 2nd period - Wrist shot by Alexander Frolov.
3:46 of 2nd period - Shot Misses the Net.
3:48 of 2nd period - Slapshot by Jordan Staal.
3:48 of 2nd period - Shot Misses the Net.
3:50 of 2nd period - Slapshot by Claude Giroux.
3:50 of 2nd period - Shot Misses the Net.
5:11 of 2nd period - Snap shot by Blake Comeau.
5:11 of 2nd period - Deflect By Justin Abdelkader.
5:11 of 2nd period - Stopped by Jimmy Howard without a rebound.
5:12 of 2nd period - Kyle Brodziak wins face-off versus Ryan Carter in Blackhawks zone.
5:41 of 2nd period - Ryan Hollweg is hit by Claude Giroux and loses puck.
6:35 of 2nd period - Snap shot by Patrick Kaleta.
6:35 of 2nd period - Shot Misses the Net.
7:20 of 2nd period - Wrist shot by Claude Giroux.
7:20 of 2nd period - Stopped by Jimmy Howard without a rebound.
7:21 of 2nd period - Jordan Staal wins face-off versus Derick Brassard in Blackhawks zone.
7:36 of 2nd period - Wrist shot by Derick Brassard.
7:36 of 2nd period - Goal by Derick Brassard - Blackhawks : 1 - Maple Leafs : 3.
7:37 of 2nd period - Derick Brassard wins face-off versus Jordan Staal in neutral zone.
7:59 of 2nd period - Minor Penalty to Tobias Enstrom for Hooking.
8:00 of 2nd period - Derick Brassard wins face-off versus Jordan Staal in Maple Leafs zone.
9:55 of 2nd period - Antoine Roussel is hit by Marc-Édouard Vlasic and loses puck.
9:59 of 2nd period - Penalty to Tobias Enstrom is over, Tobias Enstrom is back on ice.
10:14 of 2nd period - Slapshot by Tobias Enstrom.
10:14 of 2nd period - Deflect By Peter Regin.
10:14 of 2nd period - Stopped by Jimmy Howard with a rebound.
10:20 of 2nd period - Michael Grabner is hit by Dave Tanabe and loses puck.
10:33 of 2nd period - Oleg Saprykin is hit by Zac Dalpe and loses puck.
10:52 of 2nd period - Slapshot by Jamie McBain.
10:52 of 2nd period - Stopped by Jimmy Howard without a rebound.
10:53 of 2nd period - Jonathan Toews wins face-off versus Ryan Carter in Blackhawks zone.
11:17 of 2nd period - Tomas Fleischmann is hit by Justin Abdelkader and loses puck.
11:30 of 2nd period - Slapshot by Tobias Enstrom.
11:30 of 2nd period - Stopped by Jimmy Howard with a rebound.
11:32 of 2nd period - Slapshot by Braydon Coburn.
11:32 of 2nd period - Shot Blocked by Carson Mcmillan.
11:34 of 2nd period - Slapshot by Braydon Coburn.
11:34 of 2nd period - Shot Blocked by Joni Pitkanen.
12:50 of 2nd period - Wrist shot by Tomas Fleischmann.
12:50 of 2nd period - Stopped by Marc-André Fleury without a rebound.
12:51 of 2nd period - Jordan Staal wins face-off versus Derick Brassard in Maple Leafs zone.
12:56 of 2nd period - Slapshot by Taylor Chorney.
12:56 of 2nd period - Shot Misses the Net.
12:58 of 2nd period - Slapshot by Justin Schultz.
12:58 of 2nd period - Deflect By Claude Giroux.
12:58 of 2nd period - Shot Misses the Net.
12:58 of 2nd period - Puck is out of play.
12:59 of 2nd period - Jordan Staal wins face-off versus Derick Brassard in Blackhawks zone.
13:23 of 2nd period - Off-side.
13:24 of 2nd period - Rob Schremp wins face-off versus Jonathan Toews in neutral zone.
13:39 of 2nd period - Slapshot by Joni Pitkanen.
13:39 of 2nd period - Goal by Joni Pitkanen - Blackhawks : 2 - Maple Leafs : 3.
13:40 of 2nd period - Derick Brassard wins face-off versus Jordan Staal in neutral zone.
13:40 of 2nd period - Joni Pitkanen is hit by Claude Giroux and loses puck.
13:55 of 2nd period - Snap shot by Antoine Roussel.
13:55 of 2nd period - Stopped by Marc-André Fleury without a rebound.
13:56 of 2nd period - Rob Schremp wins face-off versus Jonathan Toews in Maple Leafs zone.
14:28 of 2nd period - Snap shot by Patrick Kane.
14:28 of 2nd period - Stopped by Marc-André Fleury without a rebound.
14:29 of 2nd period - Derick Brassard wins face-off versus Jordan Staal in Maple Leafs zone.
15:06 of 2nd period - Slapshot by Rob Schremp.
15:06 of 2nd period - Stopped by Jimmy Howard with a rebound.
15:08 of 2nd period - Snap shot by Rob Schremp.
15:08 of 2nd period - Shot Blocked by Kurt Sauer.
16:15 of 2nd period - Slapshot by Dave Tanabe.
16:15 of 2nd period - Deflect By Oleg Saprykin.
16:15 of 2nd period - Shot Blocked by Braydon Coburn.
16:15 of 2nd period - Puck is out of play.
16:16 of 2nd period - Jordan Staal wins face-off versus Derick Brassard in Maple Leafs zone.
16:33 of 2nd period - Slapshot by Jordan Staal.
16:33 of 2nd period - Stopped by Jimmy Howard with a rebound.
16:47 of 2nd period - Snap shot by Jason Pominville.
16:47 of 2nd period - Stopped by Marc-André Fleury with a rebound.
17:13 of 2nd period - Jamie McBain is hit by Patrick Kaleta and loses puck.
17:26 of 2nd period - Wrist shot by Marc-Édouard Vlasic.
17:26 of 2nd period - Shot Blocked by Dave Tanabe.
17:28 of 2nd period - Wrist shot by Eric Nystrom.
17:28 of 2nd period - Shot Blocked by Brendan Bell.
17:30 of 2nd period - Slapshot by Eric Nystrom.
17:30 of 2nd period - Stopped by Jimmy Howard without a rebound.
17:31 of 2nd period - Zac Dalpe wins face-off versus Jonathan Toews in Blackhawks zone.
17:34 of 2nd period - Slapshot by Eric Nystrom.
17:34 of 2nd period - Shot Misses the Net.
17:36 of 2nd period - Snap shot by Colby Armstrong.
17:36 of 2nd period - Shot Blocked by Denis Grebeshkov.
17:38 of 2nd period - Snap shot by Zac Dalpe.
17:38 of 2nd period - Stopped by Jimmy Howard with a rebound.
17:40 of 2nd period - Wrist shot by Colby Armstrong.
17:40 of 2nd period - Shot Misses the Net.
17:42 of 2nd period - Slapshot by Braydon Coburn.
17:42 of 2nd period - Stopped by Jimmy Howard with a rebound.
17:44 of 2nd period - Slapshot by Tobias Enstrom.
17:44 of 2nd period - Shot Misses the Net.
17:48 of 2nd period - Wrist shot by Zac Dalpe.
17:48 of 2nd period - Stopped by Jimmy Howard without a rebound.
17:49 of 2nd period - Jordan Staal wins face-off versus Antoine Roussel in Blackhawks zone.
17:52 of 2nd period - Slapshot by Claude Giroux.
17:52 of 2nd period - Shot Blocked by Ian White.
18:23 of 2nd period - Wrist shot by Jonathan Toews.
18:23 of 2nd period - Stopped by Marc-André Fleury with a rebound.
18:25 of 2nd period - Snap shot by Joni Pitkanen.
18:25 of 2nd period - Deflect By Justin Schultz.
18:25 of 2nd period - Stopped by Marc-André Fleury with a rebound.
18:43 of 2nd period - Slapshot by Jamie McBain.
18:43 of 2nd period - Deflect By Eric Nystrom.
18:43 of 2nd period - Stopped by Jimmy Howard with a rebound.
19:33 of 2nd period - Claude Giroux is hit by Brendan Bell and loses puck.
Goals for this period are 2 for Blackhawks vs 0 for Maple Leafs.
Shots for this period are 10 for Blackhawks vs 14 for Maple Leafs.

3rd period


0:01 of 3rd period - Derick Brassard wins face-off versus Alexander Frolov in neutral zone.
0:32 of 3rd period - Braydon Coburn is hit by Joni Pitkanen and loses puck.
0:37 of 3rd period - Backhand shot by Jonathan Toews.
0:37 of 3rd period - Shot Misses the Net.
0:39 of 3rd period - Snap shot by Jason Pominville.
0:39 of 3rd period - Shot Misses the Net.
1:21 of 3rd period - Snap shot by Oleg Saprykin.
1:21 of 3rd period - Stopped by Marc-André Fleury without a rebound.
1:22 of 3rd period - Derick Brassard wins face-off versus Rob Schremp in Maple Leafs zone.
2:12 of 3rd period - Icing by Claude Giroux.
2:13 of 3rd period - Peter Regin wins face-off versus Zac Dalpe in Maple Leafs zone.
2:15 of 3rd period - Minor Penalty to Peter Regin for Interference.
2:16 of 3rd period - Jordan Staal wins face-off versus Patrick Kaleta in Blackhawks zone.
2:24 of 3rd period - Snap shot by Jordan Staal.
2:24 of 3rd period - Stopped by Jimmy Howard without a rebound.
2:25 of 3rd period - Patrick Kaleta wins face-off versus Jordan Staal in Blackhawks zone.
2:52 of 3rd period - Snap shot by Jordan Staal.
2:52 of 3rd period - Stopped by Jimmy Howard without a rebound.
2:53 of 3rd period - Rob Schremp wins face-off versus Patrick Kaleta in Blackhawks zone.
2:56 of 3rd period - Slapshot by Rob Schremp.
2:56 of 3rd period - Stopped by Jimmy Howard with a rebound.
3:00 of 3rd period - Slapshot by Rob Schremp.
3:00 of 3rd period - Shot Blocked by Denis Grebeshkov.
3:22 of 3rd period - Slapshot by Taylor Chorney.
3:22 of 3rd period - Shot Misses the Net.
3:56 of 3rd period - Wrist shot by Tobias Enstrom.
3:56 of 3rd period - Deflect By Fabian Brunnstrom.
3:56 of 3rd period - Stopped by Jimmy Howard with a rebound.
3:58 of 3rd period - Snap shot by Tobias Enstrom.
3:58 of 3rd period - Deflect By Fabian Brunnstrom.
3:58 of 3rd period - Goal by Fabian Brunnstrom - Blackhawks : 2 - Maple Leafs : 4.
3:59 of 3rd period - Rob Schremp wins face-off versus Derick Brassard in neutral zone.
4:26 of 3rd period - Tobias Enstrom is hit by Ian White and loses puck.
4:45 of 3rd period - Icing by Alexander Frolov.
4:46 of 3rd period - Jordan Staal wins face-off versus Peter Regin in Maple Leafs zone.
5:11 of 3rd period - Wrist shot by Antoine Roussel.
5:11 of 3rd period - Shot Blocked by Tobias Enstrom.
5:55 of 3rd period - Slapshot by Rob Schremp.
5:55 of 3rd period - Shot Blocked by Oleg Saprykin.
6:18 of 3rd period - Snap shot by Justin Abdelkader.
6:18 of 3rd period - Stopped by Jimmy Howard without a rebound.
6:19 of 3rd period - Derick Brassard wins face-off versus Ryan Carter in Blackhawks zone.
6:40 of 3rd period - Slapshot by Taylor Chorney.
6:40 of 3rd period - Stopped by Jimmy Howard without a rebound.
6:41 of 3rd period - Jonathan Toews wins face-off versus Jordan Staal in Blackhawks zone.
6:41 of 3rd period - Jonathan Toews is hit by Jordan Staal.
7:07 of 3rd period - Marc-Édouard Vlasic is hit by Peter Regin and loses puck.
7:16 of 3rd period - Snap shot by Peter Regin.
7:16 of 3rd period - Shot Misses the Net.
7:50 of 3rd period - Snap shot by Claude Giroux.
7:50 of 3rd period - Stopped by Jimmy Howard without a rebound.
7:51 of 3rd period - Rob Schremp wins face-off versus Jonathan Toews in Blackhawks zone.
8:04 of 3rd period - Snap shot by Rob Schremp.
8:04 of 3rd period - Stopped by Jimmy Howard without a rebound.
8:05 of 3rd period - Derick Brassard wins face-off versus Rob Schremp in Blackhawks zone.
8:05 of 3rd period - Derick Brassard is hit by Michael Grabner.
8:31 of 3rd period - Ryan Hollweg is hit by Zac Dalpe and loses puck.
9:29 of 3rd period - Wrist shot by Antoine Roussel.
9:29 of 3rd period - Deflect By Patrick Kane.
9:29 of 3rd period - Stopped by Marc-André Fleury without a rebound.
9:30 of 3rd period - Alexander Frolov wins face-off versus Derick Brassard in Maple Leafs zone.
10:10 of 3rd period - Snap shot by Patrick Kane.
10:10 of 3rd period - Shot Blocked by Marc-Édouard Vlasic.
10:12 of 3rd period - Snap shot by Joni Pitkanen.
10:12 of 3rd period - Shot Blocked by Eric Nystrom.
10:14 of 3rd period - Snap shot by Antoine Roussel.
10:14 of 3rd period - Deflect By Patrick Kane.
10:14 of 3rd period - Shot Blocked by Colby Armstrong.
10:14 of 3rd period - Puck is out of play.
10:15 of 3rd period - Claude Giroux wins face-off versus Jonathan Toews in Maple Leafs zone.
10:45 of 3rd period - Slapshot by Jason Pominville.
10:45 of 3rd period - Deflect By Jonathan Toews.
10:45 of 3rd period - Shot Misses the Net.
10:45 of 3rd period - Puck is out of play.
10:46 of 3rd period - Rob Schremp wins face-off versus Peter Regin in Maple Leafs zone.
10:46 of 3rd period - Rob Schremp is hit by Peter Regin.
11:35 of 3rd period - Slapshot by Peter Regin.
11:35 of 3rd period - Shot Misses the Net.
11:37 of 3rd period - Snap shot by Peter Regin.
11:37 of 3rd period - Shot Misses the Net.
11:43 of 3rd period - Snap shot by Peter Regin.
11:43 of 3rd period - Shot Misses the Net.
11:45 of 3rd period - Slapshot by Brendan Bell.
11:45 of 3rd period - Shot Blocked by Taylor Chorney.
11:47 of 3rd period - Slapshot by Brendan Bell.
11:47 of 3rd period - Stopped by Marc-André Fleury with a rebound.
11:49 of 3rd period - Slapshot by Brendan Bell.
11:49 of 3rd period - Deflect By Tomas Fleischmann.
11:49 of 3rd period - Stopped by Marc-André Fleury with a rebound.
11:51 of 3rd period - Wrist shot by Peter Regin.
11:51 of 3rd period - Stopped by Marc-André Fleury with a rebound.
11:57 of 3rd period - Wrist shot by Patrick Kaleta.
11:57 of 3rd period - Shot Blocked by Ryan Carter.
12:32 of 3rd period - Snap shot by Ryan Carter.
12:32 of 3rd period - Shot Blocked by Joni Pitkanen.
12:40 of 3rd period - Snap shot by Patrick Kaleta.
12:40 of 3rd period - Stopped by Marc-André Fleury with a rebound.
12:48 of 3rd period - Wrist shot by Justin Abdelkader.
12:48 of 3rd period - Shot Misses the Net.
12:50 of 3rd period - Snap shot by Justin Abdelkader.
12:50 of 3rd period - Deflect By Blake Comeau.
12:50 of 3rd period - Stopped by Jimmy Howard without a rebound.
12:51 of 3rd period - Derick Brassard wins face-off versus Jordan Staal in Blackhawks zone.
12:56 of 3rd period - Snap shot by Patrick Kane.
12:56 of 3rd period - Shot Blocked by Jordan Staal.
13:07 of 3rd period - Minor Penalty to Joni Pitkanen for Holding.
13:08 of 3rd period - Jordan Staal wins face-off versus Jonathan Toews in Blackhawks zone.
13:48 of 3rd period - Off-side.
13:49 of 3rd period - Kyle Brodziak wins face-off versus Rob Schremp in neutral zone.
13:53 of 3rd period - Off-side.
13:54 of 3rd period - Kyle Brodziak wins face-off versus Jordan Staal in neutral zone.
15:07 of 3rd period - Penalty to Joni Pitkanen is over, Joni Pitkanen is back on ice.
15:37 of 3rd period - Minor Penalty to Derick Brassard for Hooking.
15:38 of 3rd period - Jordan Staal wins face-off versus Peter Regin in Blackhawks zone.
15:49 of 3rd period - Snap shot by Jordan Staal.
15:49 of 3rd period - Shot Misses the Net.
15:51 of 3rd period - Snap shot by Braydon Coburn.
15:51 of 3rd period - Stopped by Jimmy Howard with a rebound.
17:37 of 3rd period - Penalty to Derick Brassard is over, Derick Brassard is back on ice.
18:37 of 3rd period - Icing by Ian White.
18:38 of 3rd period - Derick Brassard wins face-off versus Jordan Staal in Blackhawks zone.
18:40 of 3rd period - Icing by Ian White.
18:41 of 3rd period - Jordan Staal wins face-off versus Derick Brassard in Blackhawks zone.
19:08 of 3rd period - Slapshot by Patrick Kaleta.
19:08 of 3rd period - Shot Misses the Net.
19:29 of 3rd period - Icing by Patrick Kane.
19:30 of 3rd period - Derick Brassard wins face-off versus Jordan Staal in Blackhawks zone.
Goals for this period are 0 for Blackhawks vs 1 for Maple Leafs.
Shots for this period are 6 for Blackhawks vs 11 for Maple Leafs.